 Dungeon Crawl Stone Soup version 0.18.1-6-gd335043 (webtiles) character file.

1107 M4edhros the Grappler (level 8, -1/63 HPs)
             Began as a Ghoul Monk on May 17, 2016.
             Was a Priest of Cheibriados.
             Slain by a killer bee (7 damage)
             ... on level 7 of the Dungeon.
             The game lasted 00:14:03 (2194 turns).

M4edhros the Grappler (Ghoul Monk)                  Turns: 2194, Time: 00:14:03

Health: -1/63      AC:  4    Str: 22    XL:     8   Next: 33%
Magic:  7/7        EV: 13    Int: 12    God:    Cheibriados [***...]
Gold:   216        SH:  4    Dex: 20    Spells: 0 memorised, 7 levels left

rFire  . . .     SeeInvis .       - Unarmed
rCold  + + .     Gourm    .     k - +2 robe {MR+}
rNeg   + + +     Faith    .     h - +0 buckler
rPois  ∞         Spirit   .     (no helmet)
rElec  .         Dismiss  .     (no cloak)
rCorr  .         Reflect  .     (no gloves)
SustAt .         Harm     .     (no boots)
MR     +....                    i - amulet of inaccuracy (curse)
Stlth  +.........               m - ring of loudness (curse)
                                d - ring of protection from cold

@: about to teleport, rotting, very slow, somewhat resistant to hostile
enchantments, very unstealthy
A: rotting body, claws 1, carnivore 3, cold resistance 1, negative energy
resistance 3, slow regeneration 1, torment resistance, unbreathing
a: Bend Time, Temporal Distortion, Renounce Religion


You were on level 7 of the Dungeon.
You worshipped Cheibriados.
Cheibriados was most pleased with you.
You were not hungry.

You visited 2 branches of the dungeon, and saw 8 of its levels.
You also visited: Sewer.

You collected 216 gold pieces.

Inventory:

Hand Weapons
 c - a +1 dagger of venom
 l - a +1 whip of flaming
 p - a +0 whip of venom
 r - a +0 bardiche of venom
 w - a +1 hunting sling of freezing
Missiles
 u - 16 stones (quivered)
Armour
 a - a +0 robe
 h - a +0 buckler (worn)
 k - a +2 robe of magic resistance (worn)
 s - a +0 pair of gloves
Jewellery
 d - a ring of protection from cold (left claw)
 f - an uncursed amulet of rage
 i - a cursed amulet of inaccuracy (around neck)
 m - a cursed ring of loudness (right claw)
 x - an uncursed ring of wizardry {unknown}
Wands
 j - a wand of iceblast (11/15)
 n - a wand of polymorph (12/24)
Scrolls
 o - 3 scrolls of teleportation
Potions
 e - 3 potions of curing
 t - 5 potions of flight
Comestibles
 b - 3 meat rations
 g - 2 beef jerkies


   Skills:
 + Level 3.3 Fighting
 + Level 2.8 Dodging
 - Level 2.1 Stealth
 + Level 0.3 Shields
 - Level 11.1 Unarmed Combat


You had 7 spell levels left.
You didn't know any spells.

Dungeon Overview and Level Annotations

Branches:
Dungeon (7/15)             Temple (1/1) D:4

Altars:
Cheibriados
Dithmenos
Makhleb
Pakellas
Qazlal
Vehumet
Xom
Yredelemnul


Innate Abilities, Weirdness & Mutations

Your body is rotting away.
You thrive on raw meat.
You are immune to poison.
You have sharp fingernails.
You are carnivorous and can eat meat at any time.
Your flesh is cold resistant.
You are immune to negative energy.
You regenerate slowly when monsters are visible.
You are immune to unholy pain and torment.
You can survive without breathing.


Message History

The troll shouts!
The killer bee barely misses you. The killer bee stings you.
You completely miss the killer bee.
The killer bee buzzes angrily.
The killer bee stings you.
Your shield prevents you from hitting the killer bee.
The killer bee stings you but does no damage.
The killer bee stings you.
You claw the killer bee!
The killer bee is almost dead.
Read which item? (? for menu, Esc to quit)
As you read the scroll of teleportation, it crumbles to dust.
You feel strangely unstable. The killer bee stings you!
* * * LOW HITPOINT WARNING * * *
The killer bee stings you.
* * * LOW HITPOINT WARNING * * *
The killer bee stings you!
* * * LOW HITPOINT WARNING * * *
The killer bee barely misses you. The killer bee stings you!
You die...

#.# #.# #.#####.#
#.##....# #.##....#
#.##....######
#.##...<......
.##########.##.........<
................[.######
.....$.@y.......[.......
........y......#.#.....#
..#.#####.#....#.#.....#
# #.######.#.....# #T#
#.#.....# #.#
###.#.....#
#..###..........
................ #..
#........#.


You could see 2 killer bees.

Vanquished Creatures
  Pikel (D:4)
  A water moccasin (D:6)
  Purgy (D:4)
  A necrophage (D:7)
  A scorpion (D:4)
  A crimson imp (D:7)
  An orc wizard (D:5)
  An orc priest (D:5)
  A giant frog skeleton (D:6)
  An iguana (D:6)
  2 worker ants (D:4)
  A hound skeleton (D:6)
  An adder (D:2)
  2 gnolls
  4 oozes (Sewer)
  6 worms
  3 giant geckos
  3 orcs
  2 ball pythons (Sewer)
  3 giant cockroaches
  4 hobgoblins
  4 jackals (Sewer)
  2 kobolds
  12 bats
  4 giant newts
63 creatures vanquished.

Vanquished Creatures (others)
  Menkaure (D:5)
  An iguana (D:5)
  A hound skeleton (D:5)
3 creatures vanquished.

Grand Total: 66 creatures vanquished

Notes
Turn   | Place    | Note
--------------------------------------------------------------
     0 | D:1      | M4edhros the Ghoul Monk began the quest for the Orb.
     0 | D:1      | Reached XP level 1. HP: 19/19 MP: 0/0
   107 | D:2      | Reached XP level 2. HP: 18/26 MP: 1/1
   234 | D:1      | Reached skill level 5 in Unarmed Combat
   379 | D:2      | Reached XP level 3. HP: 25/31 MP: 2/2
   612 | D:4      | Noticed a scorpion
   626 | D:4      | Killed a scorpion
   626 | D:4      | Reached skill level 6 in Unarmed Combat
   626 | D:4      | Reached XP level 4. HP: 4/38 MP: 3/3
   726 | D:5      | Entered Level 5 of the Dungeon
   726 | D:5      | Noticed Pikel
   726 | D:5      | Noticed a slave
   726 | D:5      | Noticed a slave
   726 | D:5      | Noticed a slave
   726 | D:5      | Noticed a slave
   783 | D:4      | Killed Pikel
   783 | D:4      | Reached skill level 9 in Unarmed Combat
   783 | D:4      | Reached XP level 5. HP: 16/45 MP: 4/4
   783 | D:4      | Reached XP level 6. HP: 18/51 MP: 5/5
   783 | D:4      | Reached XP level 7. HP: 20/57 MP: 6/6
  1266 | D:4      | Found a staircase to the Ecumenical Temple.
  1276 | Temple   | Entered the Ecumenical Temple
  1285 | Temple   | Became a worshipper of Cheibriados the Contemplative
  1285 | Temple   | Reached * piety under Cheibriados
  1285 | Temple   | Reached ** piety under Cheibriados
  1309 | D:4      | Noticed Purgy
  1329 | D:4      | Killed Purgy
  1329 | D:4      | Reached skill level 10 in Unarmed Combat
  1381 | D:5      | Noticed Menkaure
  1381 | D:5      | Killed Menkaure
  1525 | D:6      | Reached XP level 8. HP: 34/63 MP: 7/7
  1575 | D:6      | Found a glowing drain.
  1579 | Sewer    | Entered a sewer
  1809 | Sewer    | Reached *** piety under Cheibriados
  2066 | D:7      | Reached skill level 11 in Unarmed Combat
  2189 | D:7      | Noticed a troll
  2194 | D:7      | Slain by a killer bee

Skill      XL: |  1  2  3  4  5  6  7  8 |
---------------+-------------------------+-----
Unarmed Combat | 5 6 9 10 11 | 11.1
Fighting       | |  3.3
Dodging        | |  2.8
Stealth        | |  2.1
Shields        | |  0.3

Action                   |  1- 3 |  4- 6 |  7- 9 || total
-------------------------+-------+-------+-------++-------
Melee: Unarmed           |    17 |       |   143 ||   160
       Dagger            |    42 |    17 |    33 ||    92
Evoke: Wand              |       |       |     1 ||     1
  Use: Scroll            |     3 |       |     8 ||    11
       Potion            |     1 |     2 |     4 ||     7
 Stab: Invisible         |       |       |     1 ||     1
  Eat: Chunk             |     9 |       |    13 ||    22
Armor: Robe              |    11 |       |    73 ||    84
Dodge: Dodged            |    41 |     6 |   231 ||   278
Block: Buckler           |     6 |     2 |    50 ||    58
